 Dungeon Crawl Stone Soup version 0.12.2-12-gd1dd697 (webtiles) character file.

348 Rycklaryybbe the Priest (level 5, -9/44 HPs)
             Began as a Hill Orc Priest on July 16, 2013.
             Was a Believer of Beogh.
             Mangled by a gnoll
             ... wielding a +1,+2 whip of electrocution
              (12 damage)
             ... on Level 4 of the Dungeon.
             The game lasted 00:09:48 (3600 turns).

Rycklaryybbe the Priest (Hill Orc Priest)           Turns: 3600, Time: 00:09:48

HP  -9/44        AC 13     Str 20 (22) XL: 5   Next: 94%
MP  11/11        EV  4     Int 12      God: Beogh [**....]
Gold 131         SH  6     Dex 10      Spells:  0 memorised,  4 levels left

Res.Fire  : . . .   See Invis. : .   r - +0 trident
Res.Cold  : . . .   Warding    : .   l - +0 plate armour
Life Prot.: . . .   Conserve   : .   y - +0 buckler
Res.Poison: .       Res.Corr.  : +   (no helmet)
Res.Elec. : .       Clarity    : .   q - +0 dwarf cloak
Sust.Abil.: . .     Spirit.Shd : .   p - +0 pair of elf gauntlets
Res.Mut.  : .       Stasis     : .   (no boots)
Res.Rott. : .       Ctrl.Telep.: .   d - amulet of resist corrosion {unknown}
Saprovore : + . .   Flight     : .   (no ring)
                                     (no ring)

@: mighty, slightly resistant to hostile enchantments, extremely unstealthy
A: saprovore 1
a: Smiting, Renounce Religion


You were on level 4 of the Dungeon.
You worshipped Beogh.
Beogh was greatly pleased with you.
You were not hungry.

You visited 1 branch of the dungeon, and saw 4 of its levels.

You collected 111 gold pieces.

Inventory:

Hand weapons
 a - a +0,+0 orcish hand axe {=f}
 h - a +0,+0 halberd
 r - a +0,+0 trident (weapon)
Armour
 b - a +0 orcish robe
 f - a +0 orcish ring mail
 g - a +0 cloak
 l - a +0 plate armour (worn)
 p - a +0 pair of elven gauntlets (worn)
 q - a +0 dwarven cloak (worn)
 y - a +0 buckler (worn)
Comestibles
 c - 4 meat rations
 m - 3 bread rations
Scrolls
 e - a scroll of enchant armour {unknown}
 i - 2 scrolls of remove curse {unknown}
 j - 4 scrolls of teleportation {unknown}
 k - a scroll of curse armour {unknown}
 n - 3 scrolls of identify {unknown}
 s - 3 scrolls of curse weapon {unknown}
 u - 2 scrolls of enchant weapon II {unknown}
 v - a scroll of fear {unknown}
 x - a scroll of recharging {unknown}
Jewellery
 d - an amulet of resist corrosion (around neck) {unknown}
Potions
 t - a potion of paralysis
 w - a potion of heal wounds {unknown}


   Skills:
 + Level 4.4 Fighting
 - Level 4.5 Axes
 * Level 5.5 Polearms
 + Level 3.2 Armour
 - Level 0.7 Dodging
 - Level 6.0 Invocations


You had 4 spell levels left.
You didn't know any spells.

Dungeon Overview and Level Annotations

Branches:
Dungeon (4/27)
 Temple: D:4-7

Altars:
Sif Muna
Yredelemnul


Innate Abilities, Weirdness & Mutations

You can tolerate rotten meat.


Message History

The gnoll hits you but does no damage.
You are electrocuted!
* * * LOW HITPOINT WARNING * * *
You are too injured to fight recklessly!
You puncture the gnoll!
You kill the gnoll!
Beogh accepts your kill.
Drink which item? (? for menu, Esc to quit)
You suddenly lose the ability to move!
It was a potion of paralysis.
The gnoll unwields an uncursed whip.
The gnoll drops an uncursed whip.
The gnoll picks up a whip of electrocution.
The gnoll wields a whip of electrocution.
You hear the crackle of electricity.
The gnoll hits you but does no damage.
You can move again.
Drink which item? (? for menu, Esc to quit)
You feel very mighty all of a sudden.
The gnoll hits you with a whip of electrocution.
* * * LOW HITPOINT WARNING * * *
You are electrocuted!
You die...

###### #....# #....#
#####################....#
...%...........g@^.......#
#####################....#
#....# #....# #....#
######


You could see a gnoll.

Vanquished Creatures
  2 giant goldfish zombies (D:2)
  Terence (D:2)
  8 gnolls
  3 adders
  2 oozes
  An orc (D:3)
  4 giant cockroaches
  6 goblins
  6 hobgoblins
  7 jackals
  A ball python (D:3)
  3 bats
  A giant gecko (D:2)
  2 giant newts
  5 kobolds
  3 rats
55 creatures vanquished.

Notes
Turn   | Place    | Note
--------------------------------------------------------------
     0 | D:1      | Rycklaryybbe, the Hill Orc Priest, began the quest for the Orb.
     0 | D:1      | Reached XP level 1. HP: 17/17 MP: 3/3
   207 | D:1      | Reached skill level 1 in Armour
   207 | D:1      | Reached XP level 2. HP: 18/24 MP: 5/5
   304 | D:1      | Acquired Beogh's second power
   304 | D:1      | Reached skill level 1 in Polearms
   614 | D:1      | Reached XP level 3. HP: 20/30 MP: 7/7
   989 | D:2      | Reached XP level 2. HP: 23/24 MP: 5/5
  1143 | D:2      | Reached XP level 3. HP: 28/30 MP: 7/7
  1264 | D:2      | Found a deep blue altar of Sif Muna.
  1396 | D:2      | Noticed Terence
  1402 | D:2      | Killed Terence
  1850 | D:2      | Reached XP level 4. HP: 18/37 MP: 9/9
  2251 | D:2      | Noticed a giant goldfish zombie
  2252 | D:2      | Noticed a giant goldfish zombie
  2284 | D:2      | Killed a giant goldfish zombie
  2284 | D:2      | Reached XP level 5. HP: 14/44 MP: 11/11
  2304 | D:2      | Killed a giant goldfish zombie
  2304 | D:2      | Reached skill level 5 in Polearms
  2304 | D:2      | Reached XP level 6. HP: 19/51 MP: 13/13
  2307 | D:2      | Found a basalt altar of Yredelemnul.
  3160 | D:3      | Reached XP level 5. HP: 44/44 MP: 11/11
  3467 | D:4      | Beogh protects you from harm!
  3596 | D:4      | Paralysed by a potion of paralysis for 4 turns
  3600 | D:4      | Mangled by a gnoll

Action                   |  1- 3 |  4- 6 || total
-------------------------+-------+-------++-------
Melee: Hand axe          |    11 |       ||    11
       Halberd           |    70 |       ||    70
       Trident           |    30 |   177 ||   207
  Use: Potion            |       |     4 ||     4
